 Dungeon Crawl Stone Soup version 0.18-a0-5-gf1fb587 (webtiles) character file.

11480 mrath the Protected (level 11, -7/99 HPs)
             Began as a Minotaur Fighter on Oct 31, 2015.
             Was a High Priest of Okawaru.
             Engulfed by a cloud of freezing vapour (15 damage)
             ... in an ice cave.
             The game lasted 01:31:27 (11808 turns).

mrath the Protected (Minotaur Fighter)             Turns: 11808, Time: 01:31:27

Health: -7/99      AC: 19    Str: 28    XL:     11   Next: 49%
Magic:  14/14      EV: 10    Int:  5    God:    Okawaru [*****.]
Gold:   707        SH: 14    Dex:  9    Spells: 0 memorised, 10 levels left

rFire  + . .     SeeInvis .     x - +6 spear (pierce)
rCold  . . .     Clarity  .     S - +0 chain mail
rNeg   + . .     SustAt   .     N - +2 shield {AC+3}
rPois  .         Gourm    .     T - +0 hat
rElec  .         Spirit   .     H - +1 cloak
rCorr  .         Warding  +     b - +1 pair of gloves {Str+3}
rMut   .         Stasis   .     (no boots)
MR     .....                    v - amulet of warding
Stlth  ..........               y - +2 ring of slaying
                                L - ring of protection from fire

@: not resistant to hostile enchantments, extremely unstealthy
A: retaliatory headbutt, horns 2
a: Heroism, Finesse, Renounce Religion


You were in an ice cave.
You worshipped Okawaru.
Okawaru was extremely pleased with you.
You were not hungry.

You visited 3 branches of the dungeon, and saw 12 of its levels.
You also visited: Ice Cave.

You collected 707 gold pieces.

Inventory:

Hand Weapons
 h - a +2 hand axe of chopping
 t - a +0 blowgun
 x - a +6 spear of piercing (weapon)
 Z - a +1 spear of freezing
Missiles
 u - 52 poisoned needles
 B - 16 tomahawks (quivered)
Armour
 b - a +1 pair of gloves of strength (worn)
 H - a +1 cloak (worn)
 N - a +2 shield of protection (worn)
 S - a +0 chain mail (worn)
 T - a +0 hat (worn)
Jewellery
 v - an amulet of warding (around neck)
 y - a +2 ring of slaying (right hand)
 L - a ring of protection from fire (left hand)
Wands
 f - a wand of digging (9)
 Q - a wand of disintegration (17)
Scrolls
 g - 5 scrolls of remove curse
 l - 2 scrolls of identify
 n - 2 scrolls of random uselessness {unknown}
 o - 2 scrolls of magic mapping
 s - 2 scrolls of noise {unknown}
 z - 3 scrolls of enchant weapon {unknown}
 D - 2 scrolls of enchant armour
 E - 5 scrolls of fear
 M - 2 scrolls of blinking
 X - 3 scrolls of recharging {unknown}
Potions
 p - 3 potions of heal wounds
 q - 7 potions of curing
 w - 4 potions of cancellation
Comestibles
 a - 8 chunks of flesh
 e - 5 bread rations
 k - 5 meat rations


   Skills:
 + Level 9.9 Fighting
 - Level 6.9(8.1) Axes
 + Level 6.3(7.7) Polearms
 + Level 2.2 Throwing
 + Level 10.0 Armour
 + Level 6.9 Dodging
 + Level 9.4 Shields
 + Level 6.0 Invocations
 + Level 4.0 Evocations


You had 10 spell levels left.
You didn't know any spells.

Dungeon Overview and Level Annotations

Branches:
Dungeon (10/15)            Temple (1/1) D:6            Lair (1/8) D:9
    Orc: D:9-12

Altars:
Ashenzari
Dithmenos
Fedhas
Kikubaaqudgha
Nemelex Xobeh
Okawaru
Ru
Zin
The Shining One

Annotations:
D:2 exclusion: oklob plant


Innate Abilities, Weirdness & Mutations

You reflexively headbutt those who attack you in melee.
You have a pair of horns on your head.


Message History

Aim: a wolf (severely wounded)
You throw a tomahawk. The tomahawk misses the wolf.
You are engulfed in freezing vapours.
Throwing (i - inventory):
B - 17 tomahawks (quivered)
Press: ? - help, Shift-Dir - straight line, f/p - wolf
Aim: a wolf (severely wounded)
You throw a tomahawk. The tomahawk barely misses the wolf.
You are engulfed in freezing vapours.
* * * LOW HITPOINT WARNING * * *
Attack whom?
Press: ? - help, Dir - move target cursor, f/p - wolf
Aim: a wolf (severely wounded)
You reach to attack!
You completely miss the wolf.
The wolf is severely wounded.
You are engulfed in freezing vapours.
* * * LOW HITPOINT WARNING * * *
You hit the wolf.
The wolf is almost dead.
You are engulfed in freezing vapours.
You die...

### ##.## ##§..## ###
##.§§@h#
####.###..#§#§(.#
###.÷......###.#.....#
#..∩.....### ###..(##
#.∩....#.## ####
#..####### ###


You could see a wolf.

Vanquished Creatures
  Gastronok (D:8)
  The ghost of emiel the Grappler, a novice TrWn of Cheibriados (Lair:1)
  A hill giant (D:10)
  Pikel (D:5)
  Maurice (D:8)
  A polar bear (IceCv)
  A troll (D:9)
  8 yaks
  A hungry ghost (D:7)
  A wyvern (D:9)
  A hippogriff (D:10)
  10 wolves
  3 sky beasts
  2 slaves (D:5)
  A black bear (D:8)
  A necrophage (D:6)
  4 ogres
  2 orc warriors
  2 phantoms
  5 centaurs
  5 giant frogs
  2 gnoll sergeants (D:6)
  A wyvern zombie (D:9)
  5 big kobolds
  6 scorpions (D:4)
  2 electric eels (D:9)
  5 wights (D:7)
  A killer bee (D:8)
  3 crimson imps
  11 orc wizards
  8 hounds
  2 quasits
  A centaur zombie (D:6)
  2 jellies
  A gnoll shaman (D:8)
  2 centaur skeletons
  5 giant frog skeletons
  5 orc priests
  5 worker ants
  4 iguanas
  9 adders
  A worker ant zombie (D:7)
  14 gnolls
  2 shadow imps
  12 white imps (Lair:1)
  3 oozes
  An adder zombie (D:7)
  A worm (D:2)
  6 giant geckos
  34 orcs
  6 bats
  10 goblins
  9 hobgoblins
  7 jackals (D:3)
  36 kobolds
  4 ball pythons (D:2)
  4 giant cockroaches
  2 giant newts
  3 quokkas
  12 rats
  2 plants (D:6)
302 creatures vanquished.

Vanquished Creatures (others)
  A worker ant (D:5)
  An orc (D:5)
  6 fungi (D:4)
  A plant (Lair:1)
9 creatures vanquished.

Grand Total: 311 creatures vanquished

Notes
Turn   | Place    | Note
--------------------------------------------------------------
     0 | D:1      | mrath the Minotaur Fighter began the quest for the Orb.
     0 | D:1      | Reached XP level 1. HP: 19/19 MP: 0/0
    86 | D:1      | Reached XP level 2. HP: 25/27 MP: 1/1
   156 | D:1      | Reached skill level 4 in Fighting
   731 | D:2      | Reached XP level 3. HP: 32/34 MP: 2/2
   744 | D:2      | Found a sparkling altar of Nemelex Xobeh.
  1049 | D:2      | Found a blossoming altar of Fedhas.
  1070 | D:2      | Noticed an oklob plant
  1514 | D:3      | Found a shattered altar of Ashenzari.
  1665 | D:3      | Found an iron altar of Okawaru.
  1673 | D:3      | Became a worshipper of Warmaster Okawaru
  1708 | D:3      | Reached XP level 4. HP: 36/41 MP: 3/3
  1921 | D:4      | Reached skill level 5 in Fighting
  1922 | D:4      | Reached XP level 5. HP: 28/48 MP: 4/4
  2509 | D:4      | Reached skill level 5 in Armour
  2698 | D:4      | Found a sacrificial altar of Ru.
  2784 | D:4      | Reached XP level 6. HP: 53/56 MP: 5/5
  2785 | D:4      | Reached * piety under Okawaru
  2785 | D:4      | Reached skill level 5 in Shields
  2971 | D:4      | Reached skill level 6 in Fighting
  3000 | D:4      | Reached XP level 7. HP: 47/63 MP: 6/6
  3213 | D:4      | Reached skill level 5 in Axes
  3343 | D:5      | Entered Level 5 of the Dungeon
  3410 | D:5      | Found a shadowy altar of Dithmenos.
  3422 | D:5      | Reached ** piety under Okawaru
  3422 | D:5      | Reached skill level 1 in Dodging
  3540 | D:5      | Noticed Pikel
  3580 | D:5      | Killed Pikel
  3580 | D:5      | Reached XP level 8. HP: 11/71 MP: 6/8
  3600 | D:5      | Reached *** piety under Okawaru
  4100 | D:5      | Reached skill level 7 in Fighting
  4507 | D:6      | Found an iron altar of Okawaru.
  5089 | D:6      | Reached XP level 9. HP: 64/79 MP: 10/10
  5515 | D:6      | Found a staircase to the Ecumenical Temple.
  5521 | Temple   | Entered the Ecumenical Temple
  5530 | Temple   | Upgraded the game from 0.18-a0-1-gfac8111 to 0.18-a0-5-gf1fb587
  5730 | D:6      | You fall through a shaft!
  5844 | D:7      | Reached skill level 1 in Polearms
  5850 | D:7      | Reached **** piety under Okawaru
  5881 | D:7      | Found an ancient bone altar of Kikubaaqudgha.
  6356 | D:7      | Found a glowing silver altar of Zin.
  6534 | D:6      | Reached skill level 8 in Armour
  7436 | D:8      | Noticed Gastronok
  7501 | D:8      | Reached skill level 5 in Dodging
  7519 | D:8      | Got a jewelled short sword
  7533 | D:8      | Reached skill level 1 in Evocations
  7641 | D:8      | Killed Gastronok
  7641 | D:8      | Reached ***** piety under Okawaru
  7641 | D:8      | Reached skill level 5 in Invocations
  7641 | D:8      | Reached XP level 10. HP: 35/90 MP: 12/12
  8489 | D:8      | Reached skill level 9 in Armour
  8518 | D:8      | Noticed Maurice
  8535 | D:8      | Paralysed by something for 7 turns
  9038 | D:8      | Identified the +8 short sword of the Seeker {venom, *Noise Str+9} (You found it on level 8 of the Dungeon)
  9123 | D:8      | Killed Maurice
  9343 | D:9      | Received a gift from Okawaru
  9343 | D:9      | Reached skill level 5 in Polearms
  9733 | D:9      | Found a staircase to the Lair.
  9855 | D:9      | Found a glowing golden altar of the Shining One.
 10420 | D:9      | Reached XP level 11. HP: 68/97 MP: 14/14
 10880 | D:10     | Entered Level 10 of the Dungeon
 10902 | D:9      | Reached skill level 1 in Throwing
 11086 | D:10     | Noticed a hill giant
 11098 | D:10     | Killed a hill giant
 11446 | Lair:1   | Entered Level 1 of the Lair of Beasts
 11446 | Lair:1   | Noticed emiel's ghost (novice TrWn)
 11513 | Lair:1   | Killed emiel's ghost
 11561 | Lair:1   | Found a frozen archway.
 11704 | IceCv    | Entered an ice cave
 11788 | IceCv    | Reached skill level 10 in Armour
 11808 | IceCv    | Engulfed by a cloud of freezing vapour

Vault maps used:
D:1:      scummos_arrival_simple_crosswalls, serial_bayou_pond_d
D:2:      kennysheep_big_flooded_room, tgw_fedhas,
          nicolae_overflow_crystal_walls
D:3:      ashenzari_altar_1, lemuel_coloured_pillars_altar
D:4:      old_forge, first_bread, nicolae_ru_the_path_less_chosen
D:5:      nicolae_dithmenos_shadow_blocks, uniq_pikel
D:6:      kennysheep_housing_project, minmay_temple_entry_nine_rooms,
          okawaru_gym_becter
D:7:      zin_scriptorium, kennysheep_mini
D:8:      uniq_gastronok, uniq_maurice
D:9:      erik_lair_island, basic_altar
Temple:   nicolae_temple_figure_eight
Lair:1:   portal_ice_cave_entry_imps, st_stairs_10, lemuel_old_faithful,
          infiniplex_staircase_pool, serial_bayou_shore_b
IceCv:    ice_cave_caverns_02

Action                   |  1- 3 |  4- 6 |  7- 9 | 10-12 || total
-------------------------+-------+-------+-------+-------++-------
Melee: War axe           |   114 |    93 |    80 |       ||   287
       Whip              |       |       |   121 |       ||   121
       Spear             |       |       |   175 |   348 ||   523
 Fire: Blowgun           |       |       |    27 |     3 ||    30
Throw: Javelin           |       |    15 |    42 |    56 ||   113
       Tomahawk          |       |       |     4 |    14 ||    18
       Stone             |       |       |       |     3 ||     3
Invok: Heroism           |       |       |       |     2 ||     2
       Finesse           |       |       |       |     2 ||     2
Evoke: Wand              |       |       |       |     1 ||     1
  Use: Potion            |       |       |     1 |       ||     1
       Scroll            |       |       |     4 |     7 ||    11
  Eat: Chunk             |     1 |     2 |     5 |     5 ||    13
       Beef jerky        |     1 |     1 |       |       ||     2
       Pizza             |       |     1 |       |       ||     1
       Bread ration      |       |       |     1 |     1 ||     2
       Fruit             |       |       |     7 |       ||     7
       Meat ration       |       |       |       |     1 ||     1
